Map: Templo Congelado

Players

TheZergLord - Winner!

  • Race: Zerg Zerg
  • League: Grandmaster

ThuNdeR

  • Race: Protoss Protoss
  • League: Grandmaster

VOD

Have the link to the VOD?

Description

Time

  • Played on: June 12, 2016, 8:53 p.m.
  • Length: 15:42
Show
View Real Time Build Order
Export as new Build Order

TheZergLord Zerg - Winner!

Build Orders: Hatch First, Lurkers 

Get SALT Encoding   

  12  0:01  Drone  
  13  0:13  Overlord  
  13  0:17  Drone  
  14  0:31  Drone x2  
  14  0:35  Drone  
  17  0:53  Hatchery  
  17  0:55  Drone  
  17  0:58  Drone  
  18  1:09  Extractor  
  17  1:14  Spawning Pool  
  17  1:17  Drone  
  17  1:20  Drone  
  18  1:30  Drone  
  19  1:40  Overlord  
  19  1:50  Drone  
  20  2:00  Queen  
  22  2:02  Zergling x2  
  22  2:05  Queen  
  22  2:06  Drone  
  26  2:11  Metabolic Boost  
  26  2:14  Drone  
  27  2:17  Drone  
  27  2:22  Drone  
  29  2:28  Drone  
  30  2:40  Hatchery  
  30  2:43  Drone x2  
  31  2:44  Drone  
  31  2:48  Drone  
  33  2:56  Overlord  
  33  3:01  Drone  
  34  3:07  Zergling x2  
  35  3:14  Zergling x6  
  35  3:15  Zergling x2  
  39  3:22  Overlord  
  39  3:23  Zergling x6  
  42  3:34  Drone x2  
  39  4:06  Drone x5  
  39  4:07  Drone x5  
  48  4:14  Queen  
  48  4:15  Queen  
  52  4:20  Overlord  
  52  4:21  Drone x2  
  54  4:25  Roach Warren  
  54  4:26  Drone  
  54  4:29  Extractor, Drone  
  54  4:31  Overlord  
  54  4:36  Overlord  
  54  4:42  Lair  
  54  4:43  Drone x3  
  54  4:45  Zergling x2  
  58  4:48  Spore Crawler  
  58  4:50  Spore Crawler  
  58  4:51  Spore Crawler  
  58  4:52  Drone  
  56  4:53  Drone  
  56  4:54  Drone  
  56  4:58  Zergling x4  
  56  4:59  Zergling x6  
  63  5:10  Drone x3  
  63  5:11  Drone  
  63  5:12  Spore Crawler  
  65  5:18  Spore Crawler  
  65  5:19  Drone, Spore Crawler  
  64  5:27  Roach x4  
  72  5:29  Overlord  
  72  5:30  Overlord  
  72  5:44  Drone  
  72  5:45  Spore Crawler  
  72  5:47  Queen x2  
  72  5:49  Drone x7  
  84  5:50  Queen, Drone  
  86  6:05  Drone x4  
  90  6:11  Extractor x2  
  90  6:12  Extractor  
  90  6:14  Overlord x2  
  90  6:17  Glial Reconstitution  
  87  6:18  Hydralisk Den  
  87  6:19  Evolution Chamber  
  87  6:21  Evolution Chamber  
  83  6:34  Drone x3  
  83  6:37  Drone x3  
  83  6:38  Drone x2  
  91  6:41  Extractor  
  90  6:47  Zerg Melee Weapons Level 1, Zerg Missile Weapons Level 1  
  90  6:49  Zergling x6  
  90  6:57  Drone  
  90  6:58  Drone x3  
  91  7:03  Muscular Augments  
  91  7:05  Drone x3  
  91  7:07  Drone x2  
  91  7:08  Drone  
  97  7:09  Drone x3  
  97  7:15  Hydralisk x2  
  104  7:18  Drone  
  104  7:24  Overlord  
  104  7:29  Overlord x4  
  104  7:41  Hatchery  
  104  7:43  Hydralisk x5  
  113  7:50  Hydralisk x2  
  113  7:51  Hydralisk x3  
  119  8:04  Drone x3  
  119  8:05  Drone x4  
  122  8:11  Hydralisk x2  
  126  8:15  Lurker Den  
  126  8:20  Hydralisk x2  
  126  8:21  Hydralisk  
  126  8:23  Pneumatized Carapace  
  132  8:27  Hydralisk x4  
  132  8:28  Hydralisk  
  141  8:40  Roach x2  
  145  8:45  Zerg Missile Weapons Level 2, Zerg Melee Weapons Level 2  
  145  8:46  Overlord x3  
  142  9:18  Drone x9  
  149  9:24  Hydralisk x2, Spore Crawler  
  149  9:25  Hydralisk x9, Overlord x3  
  149  9:29  Overlord  
  169  9:45  Extractor  
  168  9:46  Extractor  
  168  9:48  Lurker  
  168  9:49  Lurker x4  
  172  9:56  Drone x5  
  177  10:01  Zergling x14  
  177  10:03  Overlord  
  177  10:04  Overlord x3  
  184  10:09  Overseer  
  184  10:22  Lurker  
  184  10:23  Lurker x4  
  189  10:48  Lurker x5  
  194  10:52  Hydralisk x2, Hatchery  
  194  10:53  Zergling x2  
  194  10:54  Zergling x4  
  200  11:08  Spire, Drone  
  190  11:32  Hydralisk  
  178  11:33  Hydralisk x11  
  198  12:04  Zerg Ground Armor Level 1  
  190  12:19  Hatchery  
  187  12:43  Hydralisk  
  187  12:44  Hydralisk x4  
  187  12:46  Overlord  
  187  12:47  Overlord x4  
  197  13:10  Hydralisk  
  193  13:21  Hydralisk  
  193  13:22  Hydralisk x2  
  191  13:35  Hydralisk x3  
  191  13:36  Hydralisk  
  189  14:04  Lurker  
  189  14:05  Lurker  
  135  14:27  Hydralisk x2  
  135  14:28  Hydralisk x7  
  152  14:52  Hydralisk x3  
  149  14:53  Hydralisk x2  
  149  14:57  Lurker x3  
Show
View Real Time Build Order
Export as new Build Order

ThuNdeR Protoss 

Build Orders:  

Get SALT Encoding   

  12  0:01  Probe (Chrono Boost)  
  13  0:12  Probe (Chrono Boost)  
  14  0:23  Pylon  
  14  0:25  Probe (Chrono Boost)  
  15  0:42  Probe (Chrono Boost)  
  16  0:52  Probe (Chrono Boost)  
  17  1:03  Probe (Chrono Boost)  
  18  1:07  Nexus  
  18  1:13  Probe (Chrono Boost)  
  19  1:20  Gateway  
  19  1:24  Probe (Chrono Boost)  
  20  1:33  Pylon  
  20  1:34  Probe (Chrono Boost)  
  21  1:40  Assimilator  
  21  1:45  Probe (Chrono Boost)  
  22  1:55  Gateway, Probe (Chrono Boost)  
  23  2:06  Probe (Chrono Boost)  
  23  2:07  Cybernetics Core  
  24  2:15  Pylon  
  24  2:16  Probe (Chrono Boost)  
  27  2:26  Assimilator  
  27  2:30  Probe (Chrono Boost)  
  27  2:31  Probe (Chrono Boost)  
  29  2:40  Probe (Chrono Boost)  
  30  2:44  Adept x2 (Chrono Boost)  
  30  2:46  Probe (Chrono Boost)  
  34  2:51  Probe (Chrono Boost)  
  34  2:54  Assimilator  
  34  2:56  Probe (Chrono Boost)  
  35  3:02  Mothership Core (Chrono Boost)  
  37  3:08  Gateway, Probe (Chrono Boost)  
  39  3:21  Probe (Chrono Boost)  
  39  3:22  Probe (Chrono Boost)  
  39  3:25  Warp Gate (Chrono Boost)  
  40  3:30  Assimilator  
  40  3:32  Probe (Chrono Boost)  
  41  3:35  Gateway  
  41  3:36  Probe (Chrono Boost)  
  41  3:37  Stalker  
  44  3:43  Probe  
  44  3:48  Probe  
  46  3:56  Probe  
  46  4:00  Probe  
  46  4:08  Probe  
  46  4:09  Stargate  
  45  4:11  Stargate  
  45  4:12  Probe  
  45  4:16  Pylon  
  46  4:20  Probe  
  46  4:22  Adept  
  47  4:24  Probe  
  47  4:25  Adept  
  47  4:26  Adept  
  47  4:30  Pylon  
  54  4:34  Adept  
  54  4:36  Pylon  
  56  4:42  Pylon  
  56  4:45  Gateway  
  56  4:56  Phoenix x2 (Chrono Boost)  
  60  5:08  Probe  
  61  5:15  Nexus  
  61  5:17  Probe  
  61  5:18  Pylon  
  61  5:19  Phoenix (Chrono Boost)  
  64  5:24  Phoenix (Chrono Boost)  
  66  5:30  Probe  
  66  5:34  Robotics Facility  
  67  5:38  Probe  
  67  5:44  Phoenix (Chrono Boost)  
  67  5:46  Phoenix (Chrono Boost)  
  71  5:56  Pylon, Probe  
  72  5:59  Probe  
  72  6:03  Twilight Council  
  73  6:05  Pylon  
  73  6:10  Probe, Assimilator  
  74  6:12  Assimilator  
  74  6:15  Probe  
  75  6:20  Adept  
  75  6:21  Adept  
  75  6:22  Probe  
  80  6:29  Immortal  
  80  6:31  Probe  
  85  6:42  Dark Shrine  
  85  6:43  Phoenix (Chrono Boost)  
  85  6:44  Phoenix (Chrono Boost)  
  89  6:57  Probe  
  88  7:04  Probe  
  88  7:05  Adept x5  
  88  7:06  Resonating Glaives (Chrono Boost)  
  88  7:07  Observer  
  100  7:15  Gateway  
  100  7:16  Gateway  
  100  7:19  Probe  
  100  7:20  Probe  
  100  7:21  Probe  
  103  7:26  Templar Archives  
  103  7:29  Pylon  
  103  7:30  Pylon  
  103  7:31  Probe  
  103  7:32  Probe  
  103  7:36  Immortal  
  105  7:40  Probe  
  110  7:46  Robotics Facility  
  110  7:50  Probe  
  111  8:06  Probe  
  111  8:07  High Templar x3  
  111  8:08  High Templar, Adept  
  111  8:10  Immortal  
  111  8:11  Probe  
  123  8:13  Psionic Storm  
  123  8:19  Pylon x2  
  127  8:21  Pylon  
  127  8:22  Probe  
  127  8:25  Archon x2  
  127  8:26  High Templar  
  130  8:27  Adept  
  130  8:33  Probe  
  132  8:40  Pylon  
  132  8:41  Nexus  
  132  8:43  Gateway  
  132  8:46  High Templar x2  
  136  8:53  Pylon, Probe  
  136  8:54  Charge (Chrono Boost)  
  137  8:56  Probe  
  137  8:58  Pylon  
  138  9:04  Adept  
  138  9:05  Adept  
  142  9:10  Immortal (Chrono Boost)  
  142  9:15  Immortal (Chrono Boost)  
  150  9:24  Probe  
  150  9:29  Robotics Bay, Probe x2  
  153  9:38  Forge  
  153  9:39  Forge  
  153  9:41  Probe  
  154  9:48  Probe  
  154  9:49  Observer (Chrono Boost)  
  155  9:53  Observer  
  156  10:01  Probe  
  156  10:04  Assimilator  
  156  10:05  Pylon, Probe, Assimilator  
  158  10:08  Warp Prism  
  158  10:09  Pylon, Gateway  
  158  10:11  Pylon  
  158  10:12  Protoss Ground Weapons Level 1 (Chrono Boost)  
  158  10:13  Pylon x2, Protoss Shields Level 1 (Chrono Boost)  
  160  10:16  Probe  
  161  10:22  Probe  
  161  10:26  Blink  
  162  10:29  Probe  
  162  10:30  Fleet Beacon  
  162  10:32  Pylon  
  162  10:34  Probe  
  164  10:37  Probe  
  164  10:39  Probe  
  166  10:44  Disruptor x2 (Chrono Boost)  
  172  10:53  Probe  
  172  10:56  Photon Cannon  
  173  10:58  Photon Cannon  
  173  11:00  Photon Cannon  
  173  11:11  High Templar  
  173  11:12  High Templar x3  
  173  11:13  Probe  
  173  11:16  Dark Templar x2  
  173  11:17  Probe  
  186  11:21  Probe, Archon  
  187  11:28  Adept  
  187  11:32  Dark Templar x2  
  181  11:36  Observer x2 (Chrono Boost)  
  181  11:37  Probe  
  181  11:38  Observer Gravitic Boosters  
  182  11:47  Zealot  
  182  11:48  Zealot x5  
  182  11:49  Zealot  
  192  12:06  Probe  
  192  12:07  Dark Templar x2  
  177  12:18  Dark Templar, Zealot x2  
  177  12:19  Zealot  
  177  12:22  Probe  
  179  12:27  Observer (Chrono Boost)  
  164  12:31  Disruptor (Chrono Boost)  
  151  12:40  Stalker x4  
  151  12:41  Stalker x3  
  154  12:44  Probe  
  154  12:45  Disruptor (Chrono Boost)  
  154  12:47  Probe  
  142  12:59  Probe  
  142  13:02  Observer (Chrono Boost)  
  138  13:09  Probe  
  138  13:12  Stalker  
  139  13:13  Stalker  
  139  13:16  Observer (Chrono Boost)  
  130  13:40  Nexus  
  98  15:06  Pylon  
Tags
 
Add a new tag
Caveats
  • Supply blocks, unpowered buildings, or Contaminate may cause inaccurate times.
  • Supply counts are checked every 10 seconds.